 Dungeon Crawl Stone Soup version 0.23.1 (webtiles) character file.

Game seed: 3461014263993975276

178 teukkam the Skirmisher (level 5, -1/47 HPs)
             Began as a Minotaur Fighter on Mar 15, 2019.
             Slain by a hound (4 damage)
             ... on level 5 of the Dungeon.
             The game lasted 00:03:34 (868 turns).

teukkam the Skirmisher (Minotaur Fighter)            Turns: 868, Time: 00:03:36

Health: -1/47      AC:  7    Str: 21    XL:     5   Next: 32%
Magic:  4/4        EV:  7    Int:  5    God:
Gold:   48         SH:  9    Dex: 10    Spells: 4/4 levels left

rFire    . . .     SeeInvis .   a - +0 war axe
rCold    . . .     Gourm    .   c - +0 shield
rNeg     . . .     Faith    .   b - +0 scale mail
rPois    .         Spirit   .   (helmet restricted)
rElec    .         Reflect  .   (no cloak)
rCorr    .         Harm     .   (no gloves)
MR       .....                  (no boots)
Stlth    ..........             (no amulet)
HPRegen  0.15/turn              d - ring of wizardry
MPRegen  0.09/turn              (no ring)

@: no status effects
A: retaliatory headbutt, horns 2
a: no special abilities


You were on level 5 of the Dungeon.
You were not hungry.

You visited 1 branch of the dungeon, and saw 5 of its levels.

You collected 48 gold pieces.

Inventory:

Hand Weapons
 a - a +0 war axe (weapon)
Missiles
 e - 58 stones (quivered)
Armour
 b - a +0 scale mail (worn)
 c - a +0 shield (worn)
Jewellery
 d - a ring of wizardry (left hand)
 i - an uncursed ring of fire
Wands
 k - a wand of flame (10)
Scrolls
 h - a scroll of identify
 j - a scroll of remove curse
Comestibles
 f - 3 rations


   Skills:
 + Level 4.8 Fighting
 + Level 4.0 Axes
 + Level 4.8 Armour
 + Level 4.8 Shields


You had 4 spell levels left.
You didn't know any spells.
Your spell library was empty.

Dungeon Overview and Level Annotations

Branches:
Dungeon (5/15)             Temple (0/1) D:4

Altars:
Ashenzari

Annotations:
D:5 Grinder


Innate Abilities, Weirdness & Mutations

You reflexively headbutt those who attack you in melee.
You have a pair of horns on your head.


Message History

The jackal barks! x2; You hear a bark!
Grinder blinks!
Found a dented soapstone amulet.
A jackal comes into view.
The hound barely misses you. You furiously retaliate!
You headbutt the hound.
The jackal barks!
A jackal comes into view.
You block the jackal's attack.
Found a ration.
You closely miss the jackal. Your headbutt misses the jackal.
You barely miss the hound. The hound closely misses you.
The jackal completely misses you. You furiously retaliate!
You headbutt the jackal.
You kill the jackal!
Your Axes skill increases to level 4!
The hound barely misses you. You block the jackal's attack.
You closely miss the jackal. You hit the hound but do no damage.
You block the hound's attack. The jackal closely misses you.
The hound bites you.
You die...

..#####......##
#..#...... ##
###(##......
..$.######.5.#
#..... #.........##
.....
#####...#..........
#..#############
#.######O##
#..hhh@hl#
#...###### #%


You could see Grinder, an ogre, a hound, 3 jackals and a frilled lizard.

Vanquished Creatures
  A bullfrog (D:4)
  A hound (D:4)
  A worker ant (D:4)
  3 adders
  A worm (D:5)
  A leopard gecko (D:3)
  3 orcs
  2 bats
  3 goblins
  3 hobgoblins (D:1)
  A jackal (D:5)
  4 kobolds
  A ball python (D:1)
  A frilled lizard (D:1)
  A jackal skeleton (D:5)
  4 rats (D:1)
31 creatures vanquished.

Vanquished Creatures (others)
  6 toadstools (D:4)
6 creatures vanquished.

Grand Total: 37 creatures vanquished

Notes
Turn   | Place    | Note
-------+----------+-------------------------------------------
     0 | D:1      | teukkam the Minotaur Fighter began the quest for the Orb.
     0 | D:1      | Reached XP level 1. HP: 19/19 MP: 0/0
   208 | D:1      | Reached XP level 2. HP: 27/27 MP: 1/1
   419 | D:4      | Reached XP level 3. HP: 21/33 MP: 2/2
   453 | D:4      | Noticed a bullfrog
   467 | D:4      | Killed a bullfrog
   467 | D:4      | Reached XP level 4. HP: 4/41 MP: 3/3
   764 | D:4      | Noticed a phantom
   778 | D:4      | Reached XP level 5. HP: 35/47 MP: 4/4
   823 | D:4      | Found a staircase to the Ecumenical Temple.
   825 | D:5      | Entered Level 5 of the Dungeon
   825 | D:5      | Found a shattered altar of Ashenzari.
   829 | D:5      | Noticed Grinder
   837 | D:5      | Paralysed by Grinder for 4 turns
   841 | D:5      | Noticed an ogre
   854 | D:5      | HP: 1/47 [hound (4)]
   868 | D:5      | Slain by a hound

Skill      XL: |  1  2  3  4  5 |
---------------+----------------+-----
Fighting       | 4 |  4.8
Armour         | 4 |  4.8
Shields        | 4 |  4.8
Axes           | 3 4 |  4.0

Action                   |  1- 3 |  4- 6 || total
-------------------------+-------+-------++-------
Melee: War axe           |    64 |    42 ||   106
       Headbutt          |     5 |    10 ||    15
Throw: Stone             |    10 |       ||    10
  Use: Scroll            |     1 |     1 ||     2
       Potion            |     1 |       ||     1
Armor: Scale mail        |    31 |    14 ||    45
Dodge: Dodged            |    24 |    10 ||    34
Block: Shield            |    48 |    26 ||    74
